 Dungeon Crawl Stone Soup version 0.17-a0-1636-g3119f2b (webtiles) character file.

110 karlkraus the Skirmisher (level 4, -2/41 HPs)
             Began as a Minotaur Fighter on Aug 5, 2015.
             Killed from afar by an orc wizard (6 damage)
             ... with a puff of flame
             ... on level 3 of the Dungeon.
             The game lasted 00:02:01 (1472 turns).

karlkraus the Skirmisher (Minotaur Fighter)         Turns: 1472, Time: 00:02:03

Health: -2/41      AC:  8    Str: 22    XL:     4   Next: 61%
Magic:  0/3        EV:  8    Int:  5    God:
Gold:   49         SH:  9    Dex:  9    Spells: 0 memorised, 3 levels left

rFire  . . .     SeeInvis .     a - +0 trident
rCold  . . .     Clarity  .     b - +0 scale mail
rNeg   . . .     SustAt   .     c - +0 shield
rPois  .         Gourm    .     (helmet restricted)
rElec  .         Spirit   +     (no cloak)
rCorr  .         Warding  .     (no gloves)
rMut   .         Stasis   .     o - +0 pair of boots
MR     .....                    l - amulet of guardian spirit
Stlth  ..........               (no ring)
                                (no ring)

@: not resistant to hostile enchantments, extremely unstealthy
A: retaliatory headbutt, horns 2
a: no special abilities


You were on level 3 of the Dungeon.
You were hungry.

You visited 1 branch of the dungeon, and saw 3 of its levels.

You collected 49 gold pieces.

Inventory:

Hand weapons
 a - a +0 trident (weapon)
Armour
 b - a +0 scale mail (worn)
 c - a +0 shield (worn)
 o - a +0 pair of boots (worn)
Jewellery
 l - an amulet of guardian spirit (around neck)
Scrolls
 f - 2 scrolls of enchant weapon {unknown}
 g - a scroll of teleportation {unknown}
 h - 5 scrolls of identify {unknown}
 j - 2 scrolls of recharging {unknown}
 n - a scroll of fear {unknown}
 t - a scroll of amnesia {unknown}
Potions
 d - a potion of might
 i - a potion of curing {unknown}
 k - 2 potions of brilliance {unknown}
 m - a potion of heal wounds {unknown}
 p - a potion of magic {unknown}
 q - a potion of poison {unknown}
 r - a potion of agility {unknown}
Comestibles
 e - 2 bread rations
 s - a slice of pizza


   Skills:
 + Level 4.5 Fighting
 + Level 3.4 Polearms
 + Level 4.4 Armour
 + Level 1.0 Dodging
 + Level 4.3 Shields


You had 3 spell levels left.
You didn't know any spells.

Dungeon Overview and Level Annotations

Branches:
Dungeon (3/15)

Altars:
Makhleb

Annotations:
D:3 Ijyb


Innate Abilities, Weirdness & Mutations

You reflexively headbutt those who attack you in melee.
You have a pair of horns on your head.


Message History

The magic dart hits you!
* * * LOW HITPOINT WARNING * * *
The bat closely misses you. Something hits you.
* * * LOW HITPOINT WARNING * * *
The bat barely misses you. x2
You hear some strange, mumbled words.
A magic dart appears from out of thin air!
The magic dart hits you!
* * * LOW HITPOINT WARNING * * *
You're too confused to move!
The bat hits you.
* * * LOW HITPOINT WARNING * * *
The bat hits you but does no damage. Something hits you but does no damage.
The bat hits you but does no damage.
You miss the bat.
You feel less confused. You block the bat's attack. x2
You hear some strange, mumbled words.
A puff of flame appears from out of thin air!
The puff of flame hits you!
You die...

.....# .## ......
..# ###...##.#
(.#....#.#
#.#....#.#
...#..)#.#
###...gg.########
.......#.<[......
.......#@.†######
......##.b......
.....# ###.#####
##+## .# .# .. ##


You could see Ijyb and a bat.

Vanquished Creatures
  A hound (D:2)
  A worker ant zombie (D:3)
  4 adders
  2 giant geckos (D:1)
  An orc (D:3)
  2 ball pythons (D:1)
  2 bats (D:1)
  2 giant cockroaches
  5 goblins (D:1)
  3 hobgoblins
  3 kobolds
  2 giant newts (D:2)
  4 rats
32 creatures vanquished.

Notes
Turn   | Place    | Note
--------------------------------------------------------------
     0 | D:1      | karlkraus the Minotaur Fighter began the quest for the Orb.
     0 | D:1      | Reached XP level 1. HP: 19/19 MP: 0/0
   131 | D:1      | Reached XP level 2. HP: 27/27 MP: 1/1
   161 | D:1      | Reached skill level 4 in Armour
  1026 | D:2      | Reached XP level 3. HP: 30/33 MP: 0/2
  1336 | D:2      | Found a burning altar of Makhleb.
  1341 | D:2      | Reached XP level 4. HP: 27/41 MP: 3/3
  1435 | D:3      | Noticed Ijyb
  1452 | D:3      | Reached skill level 1 in Dodging
  1472 | D:3      | Killed from afar by an orc wizard

Vault maps used:
D:1:      dpeg_arrival_tiny_h
D:2:      first_bread, grunt_decor_cap, makhleb_heckhound_becter
D:3:      kennysheep_six_static_rooms, minmay_misc_feat_enclosed,
          corner_web_ring, kennysheep_potato, uniq_iyjb

Action                   |  1- 3 |  4- 6 || total
-------------------------+-------+-------++-------
Melee: Trident           |    71 |    38 ||   109
  Eat: Chunk             |     1 |       ||     1
